 Dungeon Crawl Stone Soup version 0.20-a0-800-g4a616ed (webtiles) character file.

569 Laan the Poker (level 7, 0/52 HPs)
             Began as a Demonspawn Monk on Mar 2, 2017.
             Slain by Pikel
             ... wielding a +1 whip of freezing
              (1 damage)
             ... on level 5 of the Dungeon.
             The game lasted 00:10:05 (4264 turns).

Laan the Poker (Demonspawn Monk)                    Turns: 4264, Time: 00:10:05

Health: 0/52       AC: 11    Str: 11    XL:     7   Next: 11%
Magic:  7/7        EV:  7    Int: 19    God:
Gold:   47         SH:  0    Dex: 20    Spells: 6/6 levels left

rFire    . . .     SeeInvis .   d - +4 scythe (pain)
rCold    . . .     Gourm    .   m - +0 plate armour
rNeg     . . .     Faith    .   (shield currently unavailable)
rPois    +         Spirit   .   (helmet restricted)
rElec    .         Reflect  .   (no cloak)
rCorr    .         Harm     .   (no gloves)
MR       +....                  B - +0 pair of boots
Stlth    ..........             (no amulet)
Regen    0.2/turn               o - ring of poison resistance
MPRegen  0.1/turn               l - ring of protection from magic

@: brilliant, agile, flying, starving
A: horns 1, talons 1, blurry vision 1, powered by pain 2
a: no special abilities


You were on level 5 of the Dungeon.
You were starving.

You visited 1 branch of the dungeon, and saw 5 of its levels.

You collected 239 gold pieces.
You spent 192 gold pieces at shops.

Inventory:

Hand Weapons
 a - a +0 spear
 d - a +4 scythe of pain (weapon)
Armour
 m - a +0 plate armour (worn)
 B - a +0 pair of boots (worn)
Jewellery
 e - an uncursed ring of stealth
 l - a ring of protection from magic (left hand)
 o - a ring of poison resistance (right hand)
 u - a +5 ring of intelligence
Wands
 p - a wand of flame (41/48)
 x - a wand of paralysis (19/24)
Scrolls
 b - 5 scrolls of remove curse
 f - 4 scrolls of identify
 i - a scroll of recharging
 j - 2 scrolls of fear
 k - a scroll of blinking {unknown}
 q - a scroll of random uselessness {unknown}
 s - a scroll of enchant weapon {unknown}
 t - a scroll of magic mapping {unknown}
 y - a scroll of amnesia {unknown}
Comestibles
 c - 5 bread rations
 h - a royal jelly
 v - a meat ration
 w - 3 fruits


   Skills:
 - Level 3.0 Fighting
 + Level 7.5 Polearms
 - Level 2.6 Dodging
 - Level 1.7 Stealth


You had 6 spell levels left.
You didn't know any spells.

Dungeon Overview and Level Annotations

Branches:
Dungeon (5/15)
 Temple: D:4-7

Altars:
Ashenzari
Elyvilon
Nemelex Xobeh
Qazlal
Wu Jian

Shops:
D:4 =   D:5 (

Annotations:
D:5 Pikel


Innate Abilities, Weirdness & Mutations

You have a pair of small horns on your head.
You sometimes gain power by taking damage.
You have sharp toenails.
Scrolls take you a little longer to read.


Message History

Pikel is heavily wounded.
Pikel hits you but does no damage. Pikel hits you with a whip of freezing.
* * * LOW HITPOINT WARNING * * *
Pikel freezes you.
* * * LOW HITPOINT WARNING * * *
You barely miss Pikel. Your headbutt misses Pikel.
Pikel is heavily wounded.
Pikel hits you with a whip of freezing.
* * * LOW HITPOINT WARNING * * *
Pikel freezes you.
* * * LOW HITPOINT WARNING * * *
You hit Pikel. You headbutt Pikel.
Pikel is severely wounded.
Pikel barely misses you. Pikel hits you but does no damage.
You closely miss Pikel. You headbutt Pikel.
Pikel is severely wounded.
Pikel hits you but does no damage. Pikel hits you with a whip of freezing.
* * * LOW HITPOINT WARNING * * *
Pikel freezes you.
You die...

#.........#
#.........#
#.........#
#####.##### #...#
.. ###.# ... #.#
###.# #.##### #...
#.@Kpp######.#####
#####p#..........##
#.pp..p.......#
#.....>........
#.....K........
#..............
#..............
#..............
##.............


You could see Pikel and 3 slaves.

Vanquished Creatures
  A centaur (D:5)
  A crimson imp (D:5)
  A bullfrog zombie (D:5)
  A hound (D:5)
  2 orc priests (D:4)
  An iguana (D:5)
  3 orc wizards (D:4)
  2 worker ants (D:4)
  A killer bee zombie (D:5)
  Robin (D:4)
  3 gnolls (D:4)
  An adder (D:3)
  A shadow imp (D:4)
  2 oozes (D:3)
  A worm (D:2)
  3 dart slugs
  3 leopard geckos (D:3)
  12 orcs
  A giant cockroach (D:1)
  13 goblins
  7 hobgoblins
  10 jackals
  5 kobolds
  A quokka (D:3)
  6 bats
  7 frilled lizards
  3 rats
93 creatures vanquished.

Notes
Turn   | Place    | Note
-------+----------+-------------------------------------------
     0 | D:1      | Laan the Demonspawn Monk began the quest for the Orb.
     0 | D:1      | Reached XP level 1. HP: 18/18 MP: 1/1
    32 | D:1      | Reached skill level 3 in Polearms
   115 | D:1      | Gained mutation: You have a pair of small horns on your head. [demonic ancestry]
   115 | D:1      | Reached XP level 2. HP: 23/24 MP: 2/2
   647 | D:2      | Gained mutation: You sometimes gain a little power by taking damage. [demonic ancestry]
   647 | D:2      | Reached XP level 3. HP: 13/29 MP: 3/3
  1274 | D:3      | Reached skill level 4 in Polearms
  1340 | D:3      | Found a faded altar of an unknown god.
  1602 | D:3      | Reached XP level 4. HP: 35/35 MP: 4/4
  1699 | D:3      | Found a sparkling altar of Nemelex Xobeh.
  2087 | D:4      | Found Pelovvuesch's Jewellery Shop.
  2429 | D:4      | Reached skill level 5 in Polearms
  2442 | D:4      | Reached XP level 5. HP: 24/41 MP: 5/5
  2808 | D:4      | Noticed Robin
  2866 | D:4      | Killed Robin
  2870 | D:4      | Reached skill level 6 in Polearms
  3149 | D:4      | Gained mutation: You sometimes gain power by taking damage. [demonic ancestry]
  3149 | D:4      | Reached XP level 6. HP: 36/47 MP: 6/6
  3365 | D:4      | Found a white marble altar of Elyvilon.
  3365 | D:4      | Found a stormy altar of Qazlal.
  3730 | D:5      | Entered Level 5 of the Dungeon
  3790 | D:5      | Reached skill level 7 in Polearms
  3934 | D:5      | Found Oguheqa's Antique Weapon Shop.
  3951 | D:5      | Bought a runed scythe for 192 gold pieces
  4110 | D:5      | Found a shattered altar of Ashenzari.
  4174 | D:5      | Reached XP level 7. HP: 52/52 MP: 7/7
  4196 | D:5      | Found an ornate altar of the Wu Jian Council.
  4203 | D:5      | Noticed Pikel
  4253 | D:5      | Gained mutation: Scrolls take you a little longer to read. [potion of mutation]
  4253 | D:5      | Gained mutation: You have sharp toenails. [potion of mutation]
  4253 | D:5      | HP: 2/52 [hound (2)]
  4264 | D:5      | HP: 1/52 [Pikel/whip of freezing (4)]
  4264 | D:5      | Slain by Pikel

Vault maps used:
D:1:      grunt_arrival_lava_bath
D:2:      nrook_mini_backslash
D:3:      nemelex_xobeh_ov_fountains_minmay, chequers_ecumenical_altar_island,
          first_bread
D:4:      gammafunk_temple_overflow_wave, kennysheep_small_circle, uniq_robin
D:5:      lemuel_crystal_altar, cheibrodos_ashenzari_chains, led_sif_book,
          lemuel_coloured_pillars_altar, serial_shops, kennysheep_mini_moat,
          kennysheep_small_square, uniq_pikel

Skill      XL: |  1  2  3  4  5  6 |
---------------+-------------------+-----
Polearms       | 3 4 5 6 7 |  7.5
Fighting       | |  3.0
Dodging        | |  2.6
Stealth        | |  1.7

Action                   |  1- 3 |  4- 6 |  7- 9 || total
-------------------------+-------+-------+-------++-------
Melee: Spear             |   162 |   307 |       ||   469
       Headbutt          |    10 |    36 |    11 ||    57
       Scythe            |       |     6 |    34 ||    40
Evoke: Wand              |       |     3 |       ||     3
  Use: Scroll            |     1 |     4 |       ||     5
       Potion            |       |     1 |     8 ||     9
 Stab: Sleeping          |     4 |       |       ||     4
  Eat: Chunk             |     2 |     7 |       ||     9
Armor: Robe              |     4 |       |       ||     4
       Plate armour      |   104 |   131 |    55 ||   290
       Ring mail         |     5 |       |       ||     5
       Skin              |       |    86 |       ||    86
Dodge: Dodged            |    24 |    27 |    17 ||    68
